 Dungeon Crawl Stone Soup version 0.30-a0-613-gdd512c7efb (webtiles) character file.

Game seed: 134134405117077083

103 acebull12 the Grasshopper (level 4, 0/21 (23) HPs)
             Began as a Spriggan Warper on Jan 8, 2023.
             Slain by a wight
             ... wielding a +3 hand axe
              (2 damage)
             ... on level 3 of the Dungeon.
             The game lasted 00:10:07 (2893 turns).

acebull12 the Grasshopper (Spriggan Warper)         Turns: 2893, Time: 00:10:08

HP:   0/21 (23)     AC:  2    Str:  7    XL:     4   Next: 51%
MP:   0/10          EV: 18    Int: 14    God:
Gold: 141           SH:  0    Dex: 16    Spells: 7/9 levels left

rFire   . . .      SeeInvis +    w - +0 rapier
rCold   . . .      Faith    .    (no shield)
rNeg    . . .      Spirit   +    b - +0 robe
rPois   .          Reflect  .    (helmet restricted)
rElec   .          Harm     .    (no cloak)
rCorr   .          Rampage  .    (gloves unavailable)
Will    .....                    (boots unavailable)
Stlth   ++                       f - amulet of guardian spirit
HPRegen 0.23/turn                (no ring)
MPRegen 0.12/turn                (no ring)

@: drained, very quick
A: very small, no large weapons, unfitting armour, see invisible, speed 3
a: no special abilities


You were on level 3 of the Dungeon.
You visited 1 branch of the dungeon, and saw 3 of its levels.

You collected 141 gold pieces.

Inventory:

Hand Weapons
 w - a +0 rapier (weapon)
Missiles
 d - 7 boomerangs of dispersal (quivered)
 y - a throwing net
Armour
 b - a +0 robe (worn)
Jewellery
 f - an amulet of guardian spirit (around neck)
 n - a ring of fire
Scrolls
 c - 2 scrolls of blinking
 e - 5 scrolls of identify {unknown}
 g - 2 scrolls of enchant armour {unknown}
 j - a scroll of acquirement {unknown}
 k - a scroll of magic mapping {unknown}
 o - a scroll of vulnerability {unknown}
 p - a scroll of noise {unknown}
 q - a scroll of teleportation {unknown}
 s - a scroll of poison {unknown}
 t - a scroll of torment {unknown}
 x - a scroll of immolation {unknown}
Potions
 a - a potion of ambrosia {unknown}
 h - 4 potions of might
 i - a potion of haste {unknown}
 l - 3 potions of mutation {unknown}
 m - a potion of brilliance {unknown}
 r - a potion of attraction {unknown}
 u - a potion of lignification {unknown}
 v - 3 potions of heal wounds {unknown}


   Skills:
 + Level 1.8 Fighting
 + Level 2.9 Short Blades
 - Level 1.0 Throwing
 + Level 4.0 Dodging
 * Level 2.3 Stealth
 * Level 3.3 Spellcasting
 * Level 5.6 Translocations


You had 7 spell levels left.
You knew the following spells:

 Your Spells              Type           Power      Damage    Failure   Level
a - Blink                 Tloc           36%        N/A       3%          2

Your spell library contained the following spells:

 Spells                   Type           Power      Damage    Failure   Level
 Lesser Beckoning         Tloc           36%        N/A       6%          3
 Teleport Other           Tloc           18%        N/A       6%          3
 Magic Dart               Conj           8%         1d3       21%         1
 Vhi's Electric Charge    Tloc/Air       20%        N/A       21%         3
 Manifold Assault         Tloc           18%        N/A       21%         4
 Searing Ray              Conj           4%         2d4       30%         2
 Fulminant Prism          Conj/Hex       1%         3d5       90%         4


Dungeon Overview and Level Annotations

Branches:
Dungeon (3/15)

Altars:
Vehumet

Annotations:
D:3 Terence


Innate Abilities, Weirdness & Mutations

You are very small and have problems with some larger weapons.
You are too small for most types of armour.
You have supernaturally acute eyesight. (SInv)
You cover ground extremely quickly. (Speed+++)


Message History

The endoplasm jiggles.
You see here a +0 short sword.
You puncture the endoplasm!
You kill the endoplasm!
Your life force feels restored.
You closely miss the hobgoblin. The hobgoblin misses you.
You hit the hobgoblin.
The hobgoblin is heavily wounded.
The hobgoblin hits you.
You hit the hobgoblin.
You kill the hobgoblin!
You now have 141 gold pieces (gained 11).
Magic restored.
HP restored.
A wight comes into view. It is wielding a +3 hand axe.
The helpless wight fails to defend itself.
You puncture the wight! You punch the wight, but do no damage.
The wight is heavily damaged.
The wight hits you with a +3 hand axe!
You barely miss the wight.
The wight is heavily damaged.
The wight hits you with a +3 hand axe.
You hit the wight.
The wight is severely damaged.
The wight closely misses you.
You hit the wight but do no damage.
The wight is severely damaged.
The wight closely misses you.
You hit the wight.
The wight is almost destroyed.
The wight hits you with a +3 hand axe.
You hit the wight but do no damage.
The wight is almost destroyed.
The wight hits you with a +3 hand axe.
You feel drained.
You closely miss the wight.
The wight is almost destroyed.
The wight hits you with a +3 hand axe!
* * * LOW HITPOINT WARNING * * *
You feel drained.
You die...

##### ###### #...# ##.....
######.#.# ##......
##......#.## #.......
##.......#..# # #.[.....
#...........# .# #.......
#...........##.# #.......
#...........#z.# ###.......
#...........@..####.......)..
#...................##.......
#...................##....>..
#(..>......#........##.......
#..)...#######......##.......
#.....## #............z.
#.....# #......##.....z
##.<.## #....####..... ##..#
#....z..#.####


You could see a wight.

Vanquished Creatures
  4 adders
  2 gnolls
  A worm (D:2)
  4 ball pythons
  6 endoplasms
  2 giant cockroaches (D:1)
  4 goblins
  4 hobgoblins
  4 jackals (D:2)
  A quokka (D:1)
  4 bats
  5 frilled lizards (D:1)
  3 kobolds
  3 rats
47 creatures vanquished.

Notes
Turn   | Place    | Note
-------+----------+-------------------------------------------
     0 | D:1      | acebull12 the Spriggan Warper began the quest for the Orb.
     0 | D:1      | Reached XP level 1. HP: 10/10 MP: 5/5
   135 | D:1      | Reached XP level 2. HP: 12/14 MP: 6/6
   560 | D:1      | Reached skill level 5 in Translocations
   906 | D:1      | Learned a level 2 spell: Blink
  1216 | D:2      | Found a radiant altar of Vehumet.
  1223 | D:2      | Reached XP level 3. HP: 17/18 MP: 8/8
  1317 | D:2      | Reached skill level 1 in Stealth
  1463 | D:2      | Found a faded altar of an unknown god.
  2018 | D:2      | Reached XP level 4. HP: 19/23 MP: 5/9
  2765 | D:3      | Noticed Terence
  2893 | D:3      | Slain by a wight

Illustrated notes

Levels and vault maps discovered:
D:1:      dpeg_arrival_windows_large_door, layout_basic, st_stairs_14
D:2:      layout_basic, ebering_ecumenical_altar_abandoned, basic_altar
D:3:      layout_rooms, nicolae_underground_beach, uniq_terence

Skill      XL: |  1  2  3  4 |
---------------+-------------+-----
Spellcasting   | 3 |  3.3
Translocations | 5 |  5.6
Stealth        | 1 2 |  2.3
Dodging        | 4 |  4.0
Fighting       | |  1.8
Short Blades   | |  2.9
Throwing       | |  1.0

Action                   |  1- 3 |  4- 6 || total
-------------------------+-------+-------++-------
Melee: Short sword       |   202 |    46 ||   248
       Punch             |     3 |     1 ||     4
       Rapier            |       |    14 ||    14
 Stab: Sleeping          |     5 |     1 ||     6
       Distracted        |     1 |       ||     1
Armor: Robe              |    17 |     2 ||    19
Dodge: Dodged            |   139 |    37 ||   176

Table legend: (Time is in decaauts)
 A = Elapsed time spent in this place.
 B = Non-inter-level travel time spent in this place.
 C = Inter-level travel time spent in this place.
 D = Time resting spent in this place.
 E = Time spent auto-exploring this place.
 F = Levels seen in this place.
 G = Mean time per level.
                   A        B        C        D        E       F      G
               +--------+--------+--------+--------+--------+-----+--------+
         Total |   2074 |   1950 |    124 |    359 |    868 |   3 |  691.3 |
       Dungeon |   2074 |   1950 |    124 |    359 |    868 |   3 |  691.3 |
               +--------+--------+--------+--------+--------+-----+--------+

Top non-repeatable levels by time:
     D:2: 866 daAuts
     D:1: 847 daAuts
     D:3: 360 daAuts
